[ PARTIDA AOE2 · #506294536 ]
UnrankedJaponeses vs Italians
Equipo del jugador · DERR
Equipo rival · VICT
[ ANÁLISIS DE REPETICIÓN · EXTRAÍDO DE LA PARTIDA GRABADA ]
Feudal
14:11
Castillos
—
Imperial
—
| APM promedio | 55.2 |
| APM pico | 78 |
| eAPM promedio | 23.9 |
| Aldeanos / militares | 72 / 38 |
Foco
⚔️ 33.7% · 🌾 66.3%
Skirmisher ×20 · Militia ×7 · Scout Cavalry ×7 · Spearman ×4
Feudal
8:54
Castillos
24:54
Imperial
—
| APM promedio | 58.6 |
| APM pico | 117 |
| eAPM promedio | 22.0 |
| Aldeanos / militares | 41 / 26 |
Foco
⚔️ 51.2% · 🌾 48.8%
Archer ×19 · Knight ×7
Mapa de la partida
Recursos iniciales + cada clic de construcción. Líneas = muros · curvas = relieve. ◆ oro · ⬟ piedra · ● bayas · ✦ reliquia · ◌ hueco del cierre
Tu base· Abierta — flanco sin cerrar
Base de DS_Alec· Abierta — flanco sin cerrar
Terreno inicial suavizado · ◌ = hueco del cierre detectado · pasá el cursor para detalles
Inputs por minuto
— eduv - - DS_Alec
Build order — eduv
Primeras 150 de 205 acciones detectadas
| 0:02 | Crear | Villager (Male) |
| 0:02 | Crear | Villager (Male) |
| 0:03 | Construir | House |
| 0:05 | Construir | House |
| 0:25 | Crear | Villager (Male) |
| 0:25 | Crear | Villager (Male) |
| 0:25 | Crear | Villager (Male) |
| 1:29 | Crear | Villager (Male) |
| 1:30 | Crear | Villager (Male) |
| 2:12 | Crear | Villager (Male) |
| 2:12 | Crear | Villager (Male) |
| 2:33 | Crear | Villager (Male) |
| 2:33 | Crear | Villager (Male) |
| 3:00 | Crear | Villager (Male) |
| 3:01 | Crear | Villager (Male) |
| 3:24 | Crear | Villager (Male) |
| 3:25 | Crear | Villager (Male) |
| 3:36 | Construir | Barracks |
| 3:40 | Construir | House |
| 3:44 | Crear | Villager (Male) |
| 3:44 | Crear | Villager (Male) |
| 4:02 | Crear | Villager (Male) |
| 4:02 | Crear | Villager (Male) |
| 4:12 | Construir | House |
| 4:37 | Crear | Villager (Male) |
| 4:37 | Crear | Villager (Male) |
| 4:37 | Crear | Villager (Male) |
| 4:37 | Crear | Villager (Male) |
| 4:48 | Crear | Militia |
| 4:49 | Crear | Militia |
| 4:49 | Crear | Militia |
| 4:49 | Crear | Militia |
| 4:53 | Crear | Villager (Male) |
| 4:54 | Crear | Villager (Male) |
| 4:54 | Crear | Villager (Male) |
| 5:35 | Construir | House |
| 5:39 | Crear | Villager (Male) |
| 5:40 | Crear | Militia |
| 5:40 | Crear | Militia |
| 6:19 | Construir | House |
| 6:25 | Crear | Villager (Male) |
| 6:25 | Crear | Villager (Male) |
| 6:26 | Crear | Villager (Male) |
| 6:32 | Construir | Palisade Wall |
| 6:35 | Construir | Palisade Wall |
| 6:44 | Construir | House |
| 6:46 | Construir | Palisade Wall |
| 6:46 | Construir | Palisade Wall |
| 6:48 | Construir | Palisade Wall |
| 6:49 | Construir | Palisade Wall |
| 6:50 | Construir | Palisade Wall |
| 6:58 | Crear | Villager (Male) |
| 7:01 | Crear | Villager (Male) |
| 7:02 | Crear | Villager (Male) |
| 7:29 | Crear | Militia |
| 7:50 | Crear | Villager (Male) |
| 7:50 | Crear | Villager (Male) |
| 7:50 | Crear | Villager (Male) |
| 7:58 | Construir | Lumber Camp |
| 8:21 | Construir | Mill |
| 8:21 | Crear | Villager (Male) |
| 8:34 | Construir | House |
| 8:39 | Crear | Villager (Male) |
| 8:40 | Crear | Villager (Male) |
| 8:40 | Crear | Villager (Male) |
| 8:54 | Crear | Villager (Male) |
| 8:55 | Crear | Villager (Male) |
| 8:59 | Construir | Palisade Wall |
| 9:05 | Construir | Palisade Wall |
| 9:08 | Construir | Palisade Wall |
| 9:46 | Crear | Villager (Male) |
| 9:55 | Construir | Palisade Wall |
| 9:57 | Construir | Palisade Wall |
| 10:00 | Construir | Mining Camp |
| 10:54 | Investigar | Loom |
| 11:02 | Construir | Mill |
| 11:08 | Construir | Farm |
| 11:10 | Construir | Farm |
| 11:20 | Crear | Villager (Male) |
| 11:51 | Crear | Villager (Male) |
| 12:01 | Investigar | Feudal Age |
| 12:21 | Construir | House |
| 13:04 | Construir | House |
| 13:33 | Construir | Farm |
| 13:34 | Construir | Farm |
| 13:37 | Construir | Farm |
| 13:40 | Construir | Farm |
| 14:04 | Crear | Villager (Male) |
| 14:11 | Edad | Edad Feudal |
| 14:20 | Construir | Archery Range |
| 14:23 | Construir | Blacksmith |
| 14:28 | Construir | Lumber Camp |
| 14:34 | Crear | Villager (Male) |
| 14:38 | Construir | Farm |
| 14:55 | Crear | Skirmisher |
| 14:55 | Crear | Skirmisher |
| 15:06 | Investigar | Fletching |
| 15:06 | Investigar | Fletching |
| 15:08 | Crear | Villager (Male) |
| 15:09 | Crear | Villager (Male) |
| 15:10 | Crear | Skirmisher |
| 15:19 | Construir | Watch Tower |
| 15:31 | Crear | Skirmisher |
| 15:59 | Construir | Farm |
| 16:00 | Crear | Villager (Male) |
| 16:14 | Investigar | Padded Archer Armor |
| 16:15 | Crear | Villager (Male) |
| 16:16 | Crear | Skirmisher |
| 16:16 | Crear | Skirmisher |
| 16:31 | Construir | House |
| 16:32 | Construir | House |
| 16:37 | Crear | Skirmisher |
| 16:47 | Construir | House |
| 17:12 | Crear | Skirmisher |
| 17:13 | Crear | Skirmisher |
| 17:31 | Crear | Villager (Male) |
| 17:31 | Crear | Villager (Male) |
| 18:14 | Crear | Skirmisher |
| 18:35 | Crear | Villager (Male) |
| 18:35 | Crear | Villager (Male) |
| 18:38 | Construir | Stable |
| 18:42 | Construir | Farm |
| 18:43 | Investigar | Double-Bit Axe |
| 18:43 | Investigar | Double-Bit Axe |
| 18:46 | Crear | Villager (Male) |
| 19:07 | Crear | Villager (Male) |
| 19:15 | Construir | Farm |
| 19:18 | Construir | Mill |
| 19:19 | Construir | Farm |
| 19:19 | Construir | Farm |
| 19:19 | Construir | Farm |
| 19:19 | Construir | Farm |
| 19:20 | Construir | Farm |
| 19:20 | Construir | Farm |
| 19:20 | Construir | Farm |
| 19:24 | Crear | Skirmisher |
| 19:50 | Crear | Scout Cavalry |
| 19:50 | Crear | Scout Cavalry |
| 19:55 | Construir | Farm |
| 20:38 | Crear | Villager (Male) |
| 20:38 | Crear | Villager (Male) |
| 20:54 | Crear | Skirmisher |
| 21:34 | Crear | Skirmisher |
| 21:34 | Crear | Skirmisher |
| 21:44 | Construir | House |
| 21:49 | Crear | Villager (Male) |
| 21:51 | Crear | Skirmisher |
| 21:57 | Crear | Scout Cavalry |
| 21:58 | Crear | Scout Cavalry |
| 22:03 | Construir | Farm |
Build order — DS_Alec
147 acciones detectadas en el replay
| 0:00 | Crear | Villager (Male) |
| 0:00 | Crear | Villager (Male) |
| 0:00 | Crear | Villager (Male) |
| 0:02 | Construir | House |
| 0:03 | Construir | House |
| 0:46 | Crear | Villager (Male) |
| 1:27 | Crear | Villager (Male) |
| 1:27 | Crear | Villager (Male) |
| 1:59 | Crear | Villager (Male) |
| 2:14 | Crear | Villager (Male) |
| 2:30 | Crear | Villager (Male) |
| 2:40 | Construir | House |
| 2:52 | Construir | Palisade Wall |
| 2:52 | Construir | Palisade Wall |
| 2:53 | Construir | Palisade Wall |
| 2:54 | Construir | Palisade Wall |
| 3:11 | Crear | Villager (Male) |
| 3:11 | Crear | Villager (Male) |
| 3:13 | Construir | Lumber Camp |
| 3:30 | Crear | Villager (Male) |
| 3:54 | Construir | Palisade Wall |
| 4:03 | Crear | Villager (Male) |
| 4:13 | Crear | Villager (Male) |
| 4:24 | Construir | Palisade Wall |
| 4:24 | Construir | Palisade Wall |
| 4:37 | Crear | Villager (Male) |
| 5:29 | Construir | Mining Camp |
| 5:30 | Construir | Palisade Wall |
| 5:38 | Construir | Palisade Wall |
| 5:42 | Crear | Villager (Male) |
| 5:50 | Investigar | Loom |
| 6:31 | Construir | Palisade Wall |
| 6:33 | Construir | Palisade Wall |
| 6:37 | Construir | Palisade Wall |
| 6:44 | Investigar | Feudal Age |
| 7:11 | Construir | Barracks |
| 8:05 | Construir | House |
| 8:36 | Construir | Palisade Wall |
| 8:38 | Construir | Palisade Wall |
| 8:40 | Construir | Palisade Wall |
| 8:42 | Construir | Palisade Wall |
| 8:48 | Construir | Palisade Wall |
| 8:54 | Edad | Edad Feudal |
| 8:58 | Construir | Archery Range |
| 8:59 | Crear | Villager (Male) |
| 9:04 | Crear | Villager (Male) |
| 9:13 | Construir | Palisade Wall |
| 9:24 | Construir | Palisade Gate |
| 9:30 | Construir | Palisade Wall |
| 9:49 | Crear | Archer |
| 9:50 | Crear | Archer |
| 9:55 | Construir | Mill |
| 10:50 | Crear | Archer |
| 11:16 | Crear | Archer |
| 11:22 | Crear | Villager (Male) |
| 11:42 | Construir | Mill |
| 11:50 | Construir | House |
| 12:08 | Crear | Archer |
| 12:22 | Crear | Archer |
| 12:26 | Construir | Blacksmith |
| 12:30 | Construir | Farm |
| 12:30 | Construir | Farm |
| 12:30 | Construir | Farm |
| 12:38 | Crear | Archer |
| 12:46 | Construir | House |
| 13:19 | Investigar | Fletching |
| 13:25 | Construir | Farm |
| 13:27 | Construir | House |
| 13:32 | Crear | Archer |
| 13:51 | Crear | Villager (Male) |
| 13:52 | Crear | Archer |
| 14:10 | Crear | Archer |
| 14:11 | Crear | Villager (Male) |
| 14:26 | Crear | Villager (Male) |
| 15:01 | Crear | Archer |
| 15:06 | Construir | Watch Tower |
| 15:11 | Crear | Villager (Male) |
| 15:13 | Construir | Mining Camp |
| 15:25 | Crear | Archer |
| 15:25 | Crear | Villager (Male) |
| 16:14 | Crear | Villager (Male) |
| 16:18 | Construir | House |
| 16:26 | Crear | Villager (Male) |
| 16:43 | Crear | Archer |
| 17:15 | Construir | Watch Tower |
| 17:33 | Crear | Archer |
| 17:33 | Crear | Villager (Male) |
| 17:35 | Construir | Farm |
| 17:36 | Construir | Farm |
| 17:36 | Construir | Farm |
| 17:36 | Construir | Farm |
| 17:38 | Construir | House |
| 17:44 | Construir | Palisade Wall |
| 17:46 | Construir | Palisade Wall |
| 17:50 | Construir | Palisade Wall |
| 17:57 | Crear | Villager (Male) |
| 18:00 | Construir | Farm |
| 18:19 | Crear | Villager (Male) |
| 18:39 | Crear | Villager (Male) |
| 18:53 | Crear | Archer |
| 18:54 | Crear | Villager (Male) |
| 18:58 | Construir | Farm |
| 19:14 | Investigar | Padded Archer Armor |
| 19:15 | Crear | Archer |
| 19:23 | Crear | Villager (Male) |
| 19:31 | Construir | House |
| 19:36 | Construir | House |
| 19:51 | Construir | House |
| 19:56 | Investigar | Wheelbarrow |
| 20:51 | Crear | Archer |
| 20:51 | Crear | Villager (Male) |
| 20:55 | Construir | Market |
| 21:41 | Construir | House |
| 21:44 | Crear | Villager (Male) |
| 21:53 | Construir | Farm |
| 22:14 | Investigar | Castle Age |
| 22:22 | Construir | House |
| 22:51 | Investigar | Horse Collar |
| 23:26 | Crear | Archer |
| 23:26 | Crear | Archer |
| 23:48 | Construir | Stable |
| 24:31 | Construir | Lumber Camp |
| 24:35 | Investigar | Scale Mail Armor |
| 24:36 | Investigar | Scale Barding Armor |
| 24:54 | Edad | Edad de los Castillos |
| 24:55 | Crear | Knight |
| 24:55 | Crear | Knight |
| 25:00 | Crear | Villager (Male) |
| 25:02 | Investigar | Double-Bit Axe |
| 25:27 | Crear | Villager (Male) |
| 25:31 | Crear | Knight |
| 25:37 | Construir | Farm |
| 25:46 | Crear | Villager (Male) |
| 25:48 | Construir | Farm |
| 25:57 | Crear | Villager (Male) |
| 26:11 | Crear | Villager (Male) |
| 26:14 | Construir | Farm |
| 26:15 | Construir | Farm |
| 26:56 | Crear | Knight |
| 26:59 | Crear | Villager (Male) |
| 27:20 | Crear | Villager (Male) |
| 27:20 | Crear | Knight |
| 27:28 | Crear | Knight |
| 27:33 | Construir | Farm |
| 27:36 | Construir | Farm |
| 28:00 | Investigar | Crossbowman (upgrade) |
| 28:37 | Crear | Knight |
Cronología de la partida
| 2:52 | DS_Alec · wall_segment Palisade Wall x1 |
| 2:52 | DS_Alec · wall_segment Palisade Wall x1 |
| 2:53 | DS_Alec · wall_segment Palisade Wall x1 |
| 2:54 | DS_Alec · wall_segment Palisade Wall x1 |
| 3:36 | eduv · first_building Barracks |
| 3:54 | DS_Alec · wall_segment Palisade Wall x6 |
| 4:24 | DS_Alec · wall_segment Palisade Wall x2 |
| 4:24 | DS_Alec · wall_segment Palisade Wall x1 |
| 5:30 | DS_Alec · wall_segment Palisade Wall x1 |
| 5:38 | DS_Alec · wall_segment Palisade Wall x1 |
| 6:31 | DS_Alec · wall_segment Palisade Wall x1 |
| 6:32 | eduv · wall_segment Palisade Wall x2 |
| 6:33 | DS_Alec · wall_segment Palisade Wall x1 |
| 6:35 | eduv · wall_segment Palisade Wall x8 |
| 6:37 | DS_Alec · wall_segment Palisade Wall x1 |
| 6:46 | eduv · wall_segment Palisade Wall x1 |
| 6:46 | eduv · wall_segment Palisade Wall x1 |
| 6:48 | eduv · wall_segment Palisade Wall x4 |
| 6:49 | eduv · wall_segment Palisade Wall x3 |
| 6:50 | eduv · wall_segment Palisade Wall x2 |
| 7:11 | DS_Alec · first_building Barracks |
| 8:36 | DS_Alec · wall_segment Palisade Wall x1 |
| 8:38 | DS_Alec · wall_segment Palisade Wall x1 |
| 8:40 | DS_Alec · wall_segment Palisade Wall x1 |
| 8:42 | DS_Alec · wall_segment Palisade Wall x1 |
| 8:48 | DS_Alec · wall_segment Palisade Wall x1 |
| 8:54 | DS_Alec · age_up feudal |
| 8:58 | DS_Alec · first_building Archery Range |
| 8:59 | eduv · wall_segment Palisade Wall x7 |
| 9:05 | eduv · wall_segment Palisade Wall x4 |
| 9:08 | eduv · wall_segment Palisade Wall x4 |
| 9:13 | DS_Alec · wall_segment Palisade Wall x1 |
| 9:30 | DS_Alec · wall_segment Palisade Wall x4 |
| 9:55 | eduv · wall_segment Palisade Wall x4 |
| 9:57 | eduv · wall_segment Palisade Wall x5 |
| 14:11 | eduv · age_up feudal |
| 14:20 | eduv · first_building Archery Range |
| 17:44 | DS_Alec · wall_segment Palisade Wall x1 |
| 17:46 | DS_Alec · wall_segment Palisade Wall x1 |
| 17:50 | DS_Alec · wall_segment Palisade Wall x1 |
| 18:38 | eduv · first_building Stable |
| 22:13 | DS_Alec · first_market_buy 100 food |
| 22:13 | DS_Alec · first_market_sell 100 stone |
| 23:48 | DS_Alec · first_building Stable |
| 24:54 | DS_Alec · age_up castle |
| 27:02 | eduv · first_market_buy 100 food |
| 27:03 | eduv · first_market_sell 100 wood |
| 27:44 | eduv · wall_segment Palisade Wall x7 |
| 28:17 | eduv · wall_segment Palisade Wall x1 |
| 28:23 | eduv · wall_segment Palisade Wall x1 |
| 28:52 | eduv · resign |
[ ANÁLISIS IA · 1 CRÉDITO ]
¿Qué pasó realmente en esta partida?
Wolo.gg analiza cada decisión: build order, eco, micro, errores típicos por bracket. Análisis personalizado por WhatsApp o Discord en 30 segundos.
Guía civ
Japoneses
Perfil
Jugador #631884